Map: Deathaura LE

Players

Demi

  • Race: Zerg Zerg
  • League: Master
  • Spawn Location: 5:00

EnDerr - Winner!

  • Race: Zerg Zerg
  • Spawn Location: 11:00

Event: DreamHack SC2 Masters 2020 Winter

VOD

Have the link to the VOD?

Description

Time

  • Played on: Oct. 16, 2020, 5:39 a.m.
  • Length: 11:49

All games in this series

Show
View Real Time Build Order
Export as new Build Order

Demi Zerg 

Build Orders: Pool First 

Get SALT Encoding   

  12  0:00  Drone  
  13  0:12  Overlord  
  13  0:17  Drone  
  14  0:30  Drone x2  
  14  0:35  Drone  
  17  0:43  Extractor  
  17  0:45  Drone  
  17  0:49  Spawning Pool  
  16  0:55  Drone  
  17  1:06  Drone  
  18  1:17  Hatchery  
  17  1:36  Queen  
  17  1:37  Zergling x2  
  17  1:39  Drone  
  21  1:44  Metabolic Boost  
  21  1:50  Overlord  
  21  1:54  Drone  
  22  2:10  Baneling Nest, Zergling x2  
  22  2:14  Queen  
  24  2:18  Drone  
  25  2:29  Drone  
  25  2:35  Drone x2  
  27  2:42  Drone  
  29  2:44  Drone  
  29  2:47  Drone  
  29  2:49  Overlord  
  30  2:54  Zergling x4  
  30  2:55  Baneling  
  30  2:56  Baneling  
  32  3:01  Drone  
  33  3:05  Drone  
  33  3:11  Zergling x2  
  35  3:16  Baneling x2  
  35  3:19  Zergling x8  
  39  3:21  Overlord  
  39  3:32  Drone  
  39  3:33  Drone x3  
  42  3:36  Lair  
  42  3:40  Extractor  
  41  3:43  Drone x2  
  43  3:48  Drone  
  43  3:49  Drone x2  
  43  3:52  Overlord  
  46  3:59  Drone x3  
  49  4:07  Spine Crawler  
  48  4:12  Drone x2  
  48  4:15  Extractor  
  48  4:16  Extractor  
  48  4:24  Drone x5  
  53  4:33  Spine Crawler  
  51  4:39  Spire  
  51  4:41  Zergling x8  
  51  4:42  Zergling x2  
  51  4:43  Overseer  
  55  4:46  Overlord  
  55  4:54  Drone  
  55  4:55  Overlord  
  56  5:00  Zergling x6  
  56  5:05  Hatchery  
  56  5:15  Drone  
  56  5:16  Drone  
  56  5:20  Drone x2  
  58  5:25  Drone x2, Overlord  
  58  5:26  Drone x2  
  62  5:40  Extractor  
  59  5:50  Mutalisk x7  
  73  5:58  Overlord x2  
  73  6:00  Mutalisk  
  75  6:17  Drone  
  76  6:22  Drone x2  
  76  6:23  Drone x4  
  82  6:29  Hatchery  
  73  6:33  Mutalisk x2, Zerg Flyer Armor Level 1  
  73  6:36  Zergling x2  
  73  6:37  Zergling x2  
  79  6:45  Mutalisk  
  81  6:49  Overlord x2  
  81  6:55  Spore Crawler  
  81  7:00  Mutalisk x2  
  84  7:02  Baneling  
  84  7:04  Extractor x2  
  82  7:09  Mutalisk  
  82  7:14  Zergling x10  
  89  7:19  Mutalisk  
  91  7:28  Drone  
  91  7:29  Drone x3  
  95  7:33  Overlord  
  95  7:34  Drone, Overlord  
  95  7:35  Drone, Queen  
  98  7:44  Queen, Zergling x6  
  101  7:51  Mutalisk  
  103  7:55  Mutalisk x3  
  98  8:15  Mutalisk x3  
  103  8:26  Mutalisk  
  102  8:28  Zergling x2  
  102  8:29  Zergling x18  
  111  8:42  Zerg Flyer Weapons Level 1  
  111  8:49  Drone x2  
  111  8:52  Overlord x4  
  111  8:53  Mutalisk x2  
  111  8:54  Spore Crawler  
  116  9:04  Drone  
  116  9:05  Drone x4  
  121  9:10  Overlord  
  116  9:23  Extractor  
  111  9:27  Mutalisk x5  
  111  9:29  Drone x4  
  111  9:30  Drone x2  
  125  9:33  Spore Crawler, Baneling x3  
  125  9:35  Queen  
  125  9:41  Drone x2  
  125  9:42  Drone x3  
  130  9:46  Mutalisk x2  
  130  9:51  Queen  
  136  9:58  Mutalisk x2  
  134  10:06  Zergling x10  
  139  10:11  Spore Crawler  
  138  10:15  Mutalisk  
  138  10:16  Mutalisk  
  139  10:24  Mutalisk x2  
  138  10:32  Zergling x4  
  138  10:33  Zergling x12  
  120  10:39  Queen  
  111  10:45  Mutalisk x3  
  115  10:55  Mutalisk x2  
  113  10:57  Zergling x6  
  113  11:03  Zergling x2  
  113  11:04  Zergling x8  
  121  11:11  Overlord x2  
  121  11:12  Drone x2  
Show
View Real Time Build Order
Export as new Build Order

EnDerr Zerg - Winner!

Build Orders: Pool First 

Get SALT Encoding   

  12  0:00  Drone  
  13  0:13  Overlord  
  13  0:17  Drone  
  14  0:32  Drone x2  
  16  0:42  Spawning Pool  
  15  0:43  Drone  
  15  0:47  Extractor  
  15  0:50  Drone  
  16  0:58  Drone  
  17  1:08  Drone  
  18  1:20  Hatchery  
  17  1:29  Zergling x4  
  19  1:36  Queen  
  21  1:44  Overlord  
  21  1:51  Metabolic Boost  
  21  1:56  Drone  
  22  2:06  Drone  
  23  2:12  Queen  
  23  2:14  Zergling x2  
  26  2:27  Zergling x2  
  26  2:33  Zergling x2  
  26  2:34  Baneling Nest  
  26  2:38  Queen  
  26  2:39  Zergling x2  
  29  2:47  Overlord  
  29  2:52  Drone x2  
  29  2:55  Drone  
  29  2:57  Drone  
  33  3:01  Zergling x2  
  34  3:19  Drone x2, Baneling x2  
  36  3:22  Drone x2  
  38  3:28  Drone x2  
  38  3:31  Drone  
  38  3:32  Drone  
  42  3:36  Drone x2  
  44  3:43  Overlord x2  
  43  3:51  Lair  
  44  4:02  Drone  
  44  4:03  Drone x5  
  44  4:04  Zergling x2  
  44  4:07  Extractor  
  49  4:12  Drone x3  
  49  4:14  Extractor  
  49  4:16  Drone  
  52  4:21  Drone  
  53  4:28  Extractor  
  52  4:31  Overlord  
  52  4:37  Drone x3  
  54  4:39  Zergling x2  
  55  4:46  Hatchery  
  55  4:51  Spire  
  53  4:57  Zergling x12  
  59  5:01  Overseer  
  59  5:05  Overlord x2  
  59  5:09  Zergling x4  
  57  5:16  Zergling x4  
  57  5:17  Baneling x2  
  57  5:20  Zergling x2  
  59  5:26  Zergling x8  
  63  5:29  Baneling x2  
  63  5:33  Overlord  
  63  5:40  Overlord  
  62  5:49  Drone x2  
  64  5:50  Drone x4  
  68  6:02  Overlord  
  68  6:09  Zerg Flyer Armor Level 1  
  68  6:13  Mutalisk x4  
  75  6:21  Mutalisk  
  77  6:28  Mutalisk x2  
  77  6:29  Mutalisk  
  81  6:33  Zergling x2  
  81  6:34  Extractor, Zergling x12  
  81  6:39  Overlord  
  87  6:42  Drone  
  87  6:45  Mutalisk  
  90  6:48  Mutalisk  
  90  6:53  Drone x3  
  95  6:55  Drone x3  
  95  6:57  Mutalisk  
  95  7:01  Mutalisk  
  99  7:07  Mutalisk  
  99  7:08  Extractor  
  102  7:15  Mutalisk  
  104  7:16  Drone x2, Overlord  
  104  7:22  Mutalisk  
  108  7:35  Mutalisk  
  110  7:39  Overlord  
  110  7:40  Zergling x16  
  118  7:45  Mutalisk  
  118  7:49  Mutalisk  
  118  7:50  Mutalisk  
  124  7:57  Overlord x4  
  124  8:04  Mutalisk x2  
  123  8:11  Mutalisk  
  115  8:15  Mutalisk  
  115  8:18  Zergling x12  
  114  8:27  Mutalisk  
  114  8:32  Zergling x14  
  119  8:35  Zerg Flyer Weapons Level 1  
  119  8:38  Drone x2  
  119  8:39  Mutalisk  
  123  8:44  Mutalisk  
  125  8:50  Mutalisk  
  125  8:52  Zergling x2  
  128  8:56  Mutalisk  
  128  8:57  Zergling x4  
  128  8:58  Zergling x2  
  128  9:01  Mutalisk  
  136  9:02  Zergling x2  
  136  9:03  Zergling x6  
  136  9:06  Zergling x2  
  140  9:14  Mutalisk  
  140  9:15  Mutalisk  
  140  9:18  Mutalisk  
  134  9:27  Mutalisk  
  133  9:34  Drone x3  
  133  9:35  Mutalisk x2  
  140  9:43  Hatchery  
  140  9:44  Mutalisk  
  141  9:47  Mutalisk  
  141  9:48  Overlord  
  141  9:52  Drone  
  144  9:53  Mutalisk  
  144  9:55  Zergling x2  
  144  9:56  Zergling x10  
  151  10:04  Drone  
  151  10:05  Drone x5  
  157  10:09  Drone x2  
  157  10:10  Drone  
  157  10:11  Extractor  
  159  10:14  Extractor  
  159  10:19  Drone x2  
  152  10:31  Mutalisk x3  
  152  10:33  Mutalisk x2  
  152  10:34  Mutalisk  
  137  10:36  Mutalisk  
  137  10:42  Mutalisk  
  133  10:49  Mutalisk  
  135  10:50  Zergling x2  
  135  10:51  Zergling x6  
  134  11:00  Queen  
  134  11:01  Mutalisk x2  
  134  11:02  Zergling x8  
  134  11:03  Zergling x12  
  150  11:12  Mutalisk x2  
  154  11:19  Mutalisk  
  154  11:21  Zergling x2  
Tags
 
Add a new tag
Caveats
  • Supply blocks, unpowered buildings, or Contaminate may cause inaccurate times.
  • Supply counts are checked every 10 seconds.